 Dungeon Crawl Stone Soup version 0.25.1-2-g60ff931df9 (webtiles) character file.

Game seed: 3418539012174119139

2151 tempo the Thaumaturge (level 9, -2/52 HPs)
             Began as a Deep Elf Wizard on Sept 30, 2020.
             Killed from afar by an orc wizard (8 damage)
             ... with a puff of flame
             ... on level 6 of the Dungeon.
             The game lasted 00:12:32 (6517 turns).

tempo the Thaumaturge (Deep Elf Wizard)             Turns: 6517, Time: 00:12:32

Health: -2/52      AC:  3    Str:  4    XL:     9   Next: 10%
Magic:  6/25       EV: 11    Int: 27    God:
Gold:   313        SH:  0    Dex: 13    Spells: 17/28 levels left

rFire    . . .     SeeInvis +   i - +0 dagger (venom)
rCold    . . .     Gourm    .   (no shield)
rNeg     . . .     Faith    .   o - +0 leather armour
rPois    .         Spirit   .   b - +0 hat
rElec    .         Reflect  .   (no cloak)
rCorr    .         Harm     .   (no gloves)
MR       .....                  (no boots)
Stlth    ++........             (no amulet)
HPRegen  0.17/turn              j - ring of see invisible
MPRegen  0.19/turn              (no ring)

@: no status effects
A: no striking features
a: no special abilities


You were on level 6 of the Dungeon.
You were hungry.

You visited 2 branches of the dungeon, and saw 9 of its levels.

You collected 313 gold pieces.

Inventory:

Hand Weapons
 i - a +0 dagger of venom (weapon)
Missiles
 l - 22 bolts
Armour
 b - a +0 hat (worn)
 o - a +0 leather armour (worn)
Magical Staves
 w - an uncursed staff of death {unknown}
Jewellery
 j - a ring of see invisible (left hand)
Wands
 A - a wand of paralysis (7)
Scrolls
 c - 2 scrolls of teleportation {unknown}
 e - 4 scrolls of identify {unknown}
 g - a scroll of fear {unknown}
 p - 2 scrolls of remove curse {unknown}
 q - a scroll of enchant armour {unknown}
 s - a scroll of amnesia {unknown}
 u - 4 scrolls of enchant weapon {unknown}
 v - a scroll of fog {unknown}
 x - a scroll of immolation {unknown}
 y - a scroll of magic mapping {unknown}
Potions
 a - 3 potions of heal wounds {unknown}
 f - a potion of berserk rage {unknown}
 h - 2 potions of brilliance {unknown}
 k - 2 potions of might {unknown}
 m - 3 potions of degeneration {unknown}
 n - a potion of haste {unknown}
 r - 4 potions of curing {unknown}
 t - 3 potions of mutation {unknown}
 z - a potion of lignification {unknown}
 C - a potion of flight {unknown}
Comestibles
 d - 12 rations


   Skills:
 + Level 3.7 Fighting
 - Level 1.0 Armour
 - Level 2.4 Dodging
 - Level 2.4 Stealth
 * Level 10.1 Spellcasting
 * Level 7.5 Conjurations
 - Level 1.1 Summonings
 - Level 1.1 Translocations
 + Level 4.6 Fire Magic
 - Level 1.0 Air Magic
 - Level 1.0 Poison Magic


You had 17 spell levels left.
You knew the following spells:

 Your Spells              Type           Power        Failure   Level  Hunger
a - Magic Dart            Conj           ####         1%          1    None
b - Mephitic Cloud        Conj/Pois/Air  ####....     6%          3    None
c - Call Imp              Summ           ###.....     7%          2    None
d - Blink                 Tloc           N/A          7%          2    None
e - Conjure Flame         Conj/Fire      #####...     1%          3    None

Your spell library contained the following spells:

 Spells                   Type           Power        Failure   Level  Hunger
 Foxfire                  Conj/Fire      ####         1%          1    None
 Sticky Flame             Conj/Fire      #####...     6%          4    None
 Inner Flame              Hex/Fire       ####....     9%          3    None
 Slow                     Hex            ##......     11%         2    None
 Fireball                 Conj/Fire      #####.....   17%         5    ####...


Dungeon Overview and Level Annotations

Branches:
Dungeon (8/15)             Temple (1/1) D:4
   Lair: D:8-11

Altars:
Ashenzari
Cheibriados
Dithmenos
Elyvilon
Fedhas
Hepliaklqana
Kikubaaqudgha
Nemelex Xobeh
Okawaru
Qazlal
Ru
Sif Muna
Uskayaw
Wu Jian
Xom
Zin
The Shining One

Annotations:
D:6 2 transporters, CrypticCrinoid's ghost, novice MiBe


Message History

You hit the orc wizard but do no damage.
The orc wizard hits you but does no damage.
You bump into the rock wall.
The orc wizard hits you with an uncursed staff of cold.
* * * LOW HITPOINT WARNING * * *
The worm barely misses you.
Unknown command.
You bump into the rock wall.
You feel less confused.
The worm looks more healthy.
The orc wizard hits you with an uncursed staff of cold.
* * * LOW HITPOINT WARNING * * *
The worm barely misses you.
Unknown command.
Casting: Magic Dart (safe; 1% risk of failure)
Confirm with . or Enter, or press ? or * to list all spells.
You blink.
The orc wizard gestures at you while chanting.
The puff of flame hits you!
You die...

###.#+##################.##
...+_'.....##...........#
#.#'#####.##.###########
#### #..# #.##.# .... #)##
#.##.# #..#.######.##.#
#...[.w§.o..##.#
#....#####..##.#
#.).)#####@.##.#
......)..........#
#.###..##..##..#..# . #..
#. #..#..# #.. # #..#..#
... #.....# ..##.## ......#
####..#


You could see an orc wizard.

Vanquished Creatures
  Pikel (D:6)
  A hungry ghost (D:8)
  A water moccasin (D:2)
  2 slaves (D:6)
  2 orc warriors (D:6)
  A sky beast (D:6)
  4 ogres
  A phantom (D:6)
  2 centaurs
  A scorpion (D:3)
  A wight (D:8)
  2 howler monkeys (D:4)
  4 orc priests
  A hound (D:4)
  A jelly (D:6)
  A centaur zombie (D:6)
  3 orc wizards (D:6)
  An iguana (D:7)
  5 worker ants
  A hound skeleton (D:8)
  3 gnolls (D:4)
  8 adders
  An ooze (D:1)
  3 worms
  4 leopard geckos
  12 orcs
  4 giant cockroaches
  6 hobgoblins
  5 kobolds
  2 quokkas
  A ball python (D:2)
  6 bats
  4 frilled lizards
  7 goblins
  2 jackal skeletons
  A jackal zombie (D:6)
  A quokka skeleton (D:3)
  8 rats
114 creatures vanquished.

Vanquished Creatures (others)
  2 slaves (D:6)
  A worker ant (D:8)
  A ball python (D:8)
4 creatures vanquished.

Grand Total: 118 creatures vanquished

Notes
Turn   | Place    | Note
-------+----------+-------------------------------------------
     0 | D:1      | tempo the Deep Elf Wizard began the quest for the Orb.
     0 | D:1      | Reached XP level 1. HP: 10/10 MP: 7/7
   392 | D:1      | Reached XP level 2. HP: 16/16 MP: 2/9
   992 | D:1      | Reached skill level 5 in Spellcasting
  1180 | D:2      | Reached XP level 3. HP: 11/20 MP: 5/11
  1185 | D:2      | Learned a level 3 spell: Mephitic Cloud
  1188 | D:2      | Learned a level 2 spell: Call Imp
  1191 | D:2      | Learned a level 2 spell: Blink
  1195 | D:2      | Learned a level 3 spell: Conjure Flame
  1388 | D:2      | Reached skill level 1 in Armour
  1405 | D:2      | Reached skill level 1 in Fighting
  1759 | D:2      | Noticed a water moccasin
  1791 | D:2      | Killed a water moccasin
  1791 | D:2      | Reached skill level 1 in Fire Magic
  1791 | D:2      | Reached XP level 4. HP: 13/25 MP: 0/13
  1791 | D:2      | Reached XP level 5. HP: 15/29 MP: 0/15
  2133 | D:2      | Reached skill level 1 in Air Magic
  2227 | D:2      | Reached skill level 6 in Spellcasting
  2384 | D:3      | Found a shattered altar of Ashenzari.
  2646 | D:3      | Found a sparkling altar of Nemelex Xobeh.
  3351 | D:3      | Found an ancient bone altar of Kikubaaqudgha.
  3478 | D:4      | Reached skill level 1 in Poison Magic
  3478 | D:4      | Reached XP level 6. HP: 34/34 MP: 12/17
  3839 | D:4      | Reached skill level 7 in Spellcasting
  3900 | D:4      | Found a staircase to the Ecumenical Temple.
  3912 | Temple   | Entered the Ecumenical Temple
  4170 | D:4      | Reached XP level 7. HP: 31/40 MP: 11/19
  4759 | D:4      | Found a sacrificial altar of Ru.
  4893 | D:5      | Entered Level 5 of the Dungeon
  5073 | D:5      | You fall into a shaft and drop 3 floors!
  5091 | D:8      | Found a white marble altar of Elyvilon.
  5110 | D:8      | Found a shimmering altar of Xom.
  5110 | D:8      | Found a shimmering blue altar of Sif Muna.
  5112 | D:8      | Noticed a hungry ghost
  5119 | D:8      | Reached skill level 5 in Conjurations
  5133 | D:8      | Killed a hungry ghost
  5133 | D:8      | Reached skill level 8 in Spellcasting
  5297 | D:8      | Reached XP level 8. HP: 45/45 MP: 14/22
  5457 | D:6      | Noticed Pikel
  5475 | D:6      | HP: 2/45 [Pikel/+2 whip of flaming (1)]
  5477 | D:6      | Killed Pikel
  5477 | D:6      | Reached skill level 9 in Spellcasting
  5999 | D:6      | Found a transporter.
  6003 | D:6      | Found a transporter.
  6003 | D:6      | Noticed CrypticCrinoid's ghost (novice MiBe)
  6127 | D:6      | Found an ornate altar of the Wu Jian Council.
  6263 | D:6      | Reached XP level 9. HP: 31/51 MP: 21/24
  6424 | D:6      | Reached skill level 10 in Spellcasting
  6461 | D:6      | Found a blossoming altar of Fedhas.
  6517 | D:6      | Killed from afar by an orc wizard

Illustrated notes

Levels and vault maps discovered:
D:1:      minmay_arrival_open_corners, layout_basic
D:2:      layout_rooms, minmay_tall_x
D:3:      layout_basic, nemelex_xobeh_ov_fountains_minmay, ashenzari_altar_1,
          lemuel_doored_altar, minmay_quadrilaterals
D:4:      layout_gridville, minmay_temple_entry_crystal_x,
          nicolae_ru_sacrificial_ziggurat
D:5:      layout_loops_ring, yredelemnul_altar_generic, first_ration,
          nicolae_gozag_cash_rules_everything_around_me
D:6:      layout_loops_ring, marbit_many_paths, kennysheep_mini,
          gammafunk_ghost_arena, uniq_pikel
D:7:      layout_loops_corners, grunt_temple_overflow_lords_of_destruction,
          uniq_menkaure
D:8:      layout_loops_cross, trog_eyes_of_draining, overflow_temple_1_default,
          xom_confusion_cloud, elyvilon_altar_4, dpeg_oklobed_lair, basic_altar
Temple:   compressed_dpeg_triangle_lava_temple

Skill      XL: |  1  2  3  4  5  6  7  8  9 |
---------------+----------------------------+-----
Spellcasting   | 5 6 7 8 9 10 | 10.1
Armour         | 1 |  1.0
Fighting       | 1 2 3 |  3.7
Conjurations   | 2 3 4 5 7 |  7.5
Fire Magic     | 1 2 3 4 |  4.6
Air Magic      | 1 |  1.0
Poison Magic   | 1 |  1.0
Dodging        | |  2.4
Stealth        | |  2.4
Summonings     | |  1.1
Translocations | |  1.1

Action                   |  1- 3 |  4- 6 |  7- 9 || total
-------------------------+-------+-------+-------++-------
Melee: Dagger            |     6 |    37 |    44 ||    87
 Cast: Magic Dart        |    89 |    48 |   133 ||   270
       Conjure Flame     |     1 |       |     8 ||     9
       Call Imp          |     1 |       |     1 ||     2
       Mephitic Cloud    |       |     9 |    14 ||    23
       Blink             |       |       |     2 ||     2
Evoke: Wand              |       |       |     3 ||     3
 Stab: Confused          |       |     7 |       ||     7
  Eat: Chunk             |     2 |     6 |     8 ||    16
Armor: Robe              |     1 |       |       ||     1
       Leather armour    |       |     2 |    11 ||    13
Dodge: Dodged            |    11 |    22 |    29 ||    62
